Senators vs RedWings

Created - December 11 2010 at 16:20

Goals
1 2 3 OT1 SO T
Senators 1 0 1 0 1 2
RedWings 2 0 0 0 2 3
Shots
1 2 3 OT1 SO T
Senators 6 9 18 1 4 34
RedWings 5 14 5 1 4 25

Period #1

1. RedWings , Kris Draper 3 (Paul Martin, Pavol Demitra) at 1:21
2. Senators , Filip Kuba 2 (Martin Erat, Marian Gaborik) at 11:58 (PP)
3. RedWings , Niclas Bergfors 3 (Matt Moulson, Paul Martin) at 18:26

Penalties :
Dion Phaneuf (OTT) for Tripping (Minor) at 1:45, Nate Thompson (DET) for Tripping (Minor) at 4:04, Alexander Edler (OTT) for Tripping (Minor) at 4:04, Mike Mottau (OTT) for Holding (Minor) at 8:26, Kris Draper (DET) for Holding (Minor) at 10:53, Dion Phaneuf (OTT) for Roughing (Minor) at 13:21

Period #2

No Goal

Penalties :
Mike Mottau (OTT) for Holding (Minor) at 3:32, Brendan Witt (DET) for High sticking (Minor) at 7:50, Mike Mottau (OTT) for Hooking (Minor) at 12:33, Ryan Getzlaf (DET) for Roughing (Minor) at 13:18, Karlis Skrastins (OTT) for Delaying the game (Minor) at 16:09

Period #3

4. Senators , Marian Gaborik 19 (Dion Phaneuf, Martin Erat) at 6:04

Penalties :
Ryan Getzlaf (DET) for Fighting (Major) at 3:27, Chris Stewart (OTT) for Fighting (Major) at 3:27, Jean-Pierre Dumont (DET) for High sticking (Minor) at 10:45, Daniel Carcillo (OTT) for Slashing (Double Minor) at 14:44, Ray Whitney (DET) for Interference (Minor) at 19:21

Overtime #1

No Goal

Penalties :
No Penalty

Shootout

Penalty Shot by Martin Erat for Senators - Stopped by Craig Anderson
Penalty Shot by Zach Parise for RedWings - Stopped by Miikka Kiprusoff
Penalty Shot by Marian Gaborik for Senators - Goal!
Penalty Shot by Mike Cammalleri for RedWings - Goal!
Penalty Shot by Jason Spezza for Senators - Shot Misses the Net
Penalty Shot by Matt Moulson for RedWings - Shot Misses the Net
Penalty Shot by Chris Stewart for Senators - Shot Misses the Net
Penalty Shot by Travis Zajac for RedWings - Goal!

Penalties :
No Penalty

Goalie Stats

Miikka Kiprusoff (OTT), 23 saves from 25 shots - (0.920), OTL, 12-7-2, 65:00 minutes
Craig Anderson (DET), 32 saves from 34 shots - (0.941), W, 21-9-3, 65:00 minutes

Players Stats

Senators
Player Name              G  A  P  +/- PIM S  H  SB FO    MP 
------------------------------------------------------------
Alexander Edler          0  0  0  -1  2   2  1  0  0/0   22 
Chris Kelly              0  0  0   0  0   0  0  0  12/18 11 
Chris Stewart            0  0  0  -1  5   3  5  0  0/2   18 
Daniel Carcillo          0  0  0   0  4   2  0  1  0/0   6  
David Steckel            0  0  0   0  0   0  0  0  11/17 15 
Dion Phaneuf             0  1  1   0  4   4  1  1  0/0   24 
Filip Kuba               1  0  1  -1  0   3  1  0  0/0   20 
Jason Spezza             0  0  0  -1  0   3  1  0  13/26 19 
Jay Bouwmeester          0  0  0   0  0   2  0  1  0/0   24 
Karlis Skrastins         0  0  0   0  2   0  0  0  0/0   20 
Marian Gaborik           1  1  2   0  0   6  1  0  1/1   19 
Martin Erat              0  2  2   0  0   3  1  0  0/0   15 
Mike Mottau              0  0  0   0  6   0  3  0  0/0   18 
Milan Michalek           0  0  0  -1  0   0  2  0  0/3   16 
Nikolai Kulemin          0  0  0   0  0   1  1  0  0/0   16 
Patrick Dwyer            0  0  0   0  0   2  0  0  0/2   12 
Peter Regin              0  0  0   0  0   2  2  0  6/17  17 
Sergei Kostitsyn         0  0  0   0  0   1  1  0  1/2   9  
RedWings
Player Name              G  A  P  +/- PIM S  H  SB FO    MP 
------------------------------------------------------------
Brendan Witt             0  0  0   2  2   0  3  0  0/0   15 
Brett Clark              0  0  0   0  0   1  0  1  0/0   22 
Brian Campbell           0  0  0  -1  0   2  4  3  0/0   23 
Colin White              0  0  0   0  0   1  3  1  0/0   21 
Jean-Pierre Dumont       0  0  0   0  2   2  2  0  0/2   19 
Keith Yandle             0  0  0  -1  0   2  0  1  0/0   24 
Kris Draper              1  0  1   1  2   2  0  0  1/2   10 
Marty Reasoner           0  0  0   1  0   2  0  0  6/13  14 
Matt Moulson             0  1  1   0  0   1  0  0  1/3   13 
Mike Cammalleri          0  0  0  -1  0   1  0  0  2/4   20 
Nate Thompson            0  0  0   1  2   0  0  0  11/16 9  
Niclas Bergfors          1  0  1   1  0   2  0  0  0/0   10 
Paul Martin              0  2  2   2  0   2  1  0  0/0   21 
Pavol Demitra            0  1  1   1  0   0  0  0  0/0   6  
Ray Whitney              0  0  0   0  2   2  1  0  0/1   21 
Ryan Getzlaf             0  0  0   0  7   1  4  0  11/21 19 
Travis Zajac             0  0  0   0  0   3  3  1  12/24 21 
Zach Parise              0  0  0  -1  0   1  1  0  0/2   21 

3 Stars

1 - Marian Gaborik (OTT)
2 - Paul Martin (DET)
3 - Niclas Bergfors (DET)

Power Play

Senators - 1 on 5 Attempt(s) - 20.00%
RedWings - 0 on 7 Attempt(s) - 0.00%

Penalty Kill

Senators - 7 on 7 Attempt(s) - 100.00% - Score 0 goal in Penalty Kill
RedWings - 4 on 5 Attempt(s) - 80.00% - Score 0 goal in Penalty Kill

Game Notes

Chris Stewart beats up Ryan Getzlaf at 3:27 of 3rd period

Finance

Level 1 -- Attendance: 6500 (100.00%) -- Ticket Income $520,000.00
Level 2 -- Attendance: 5000 (100.00%) -- Ticket Income $225,000.00
Level 3 -- Attendance: 3500 (100.00%) -- Ticket Income $105,000.00
Level 4 -- Attendance: 2849 (70.07%) -- Ticket Income $42,735.00
Luxury Box -- Attendance: 943 (94.30%) -- Ticket Income $141,450.00
Game was played at the Joe Louis Arena
Total Attendance: 18792 (93.65%)
Total Ticket Income: $1,130,714.00
Other Income: $210,640.20
Total Income: $1,341,354.00


Play by Play

Period #1

0:01 of 1st period - Travis Zajac wins face-off versus Jason Spezza in neutral zone.
1:08 of 1st period - Shot by Marian Gaborik.
1:08 of 1st period - Stopped by Craig Anderson without a rebound.
1:09 of 1st period - Matt Moulson wins face-off versus David Steckel in RedWings zone.
1:13 of 1st period - Off-side.
1:14 of 1st period - Nate Thompson wins face-off versus Peter Regin in neutral zone.
1:21 of 1st period - Shot by Kris Draper.
1:21 of 1st period - Goal by Kris Draper - Senators : 0 - RedWings : 1.
1:22 of 1st period - David Steckel wins face-off versus Marty Reasoner in neutral zone.
1:24 of 1st period - Off-side.
1:25 of 1st period - Peter Regin wins face-off versus Ryan Getzlaf in neutral zone.
1:25 of 1st period - Peter Regin is hit by Ryan Getzlaf.
1:33 of 1st period - Icing by Keith Yandle.
1:34 of 1st period - David Steckel wins face-off versus Ryan Getzlaf in RedWings zone.
1:34 of 1st period - David Steckel is hit by Brian Campbell.
1:38 of 1st period - Shot by Sergei Kostitsyn.
1:38 of 1st period - Stopped by Craig Anderson without a rebound.
1:39 of 1st period - Marty Reasoner wins face-off versus Peter Regin in RedWings zone.
1:45 of 1st period - Minor Penalty to Dion Phaneuf for Tripping.
1:46 of 1st period - David Steckel wins face-off versus Ryan Getzlaf in Senators zone.
2:45 of 1st period - Shot by Paul Martin.
2:45 of 1st period - Stopped by Miikka Kiprusoff without a rebound.
2:46 of 1st period - Travis Zajac wins face-off versus Chris Kelly in Senators zone.
3:50 of 1st period - Shot by Marian Gaborik.
3:50 of 1st period - Deflect By Peter Regin.
3:50 of 1st period - Stopped by Craig Anderson without a rebound.
3:51 of 1st period - Nate Thompson wins face-off versus Jason Spezza in RedWings zone.
3:51 of 1st period - Nate Thompson is hit by Chris Stewart.
4:04 of 1st period - Minor Penalty to Nate Thompson for Tripping.
4:04 of 1st period - Minor Penalty to Alexander Edler for Tripping.
4:05 of 1st period - Ryan Getzlaf wins face-off versus Peter Regin in Senators zone.
4:34 of 1st period - Shot by Peter Regin.
4:34 of 1st period - Shot Misses the Net.
5:08 of 1st period - Shot by Jason Spezza.
5:08 of 1st period - Shot Misses the Net.
5:12 of 1st period - Shot by Marian Gaborik.
5:12 of 1st period - Shot Misses the Net.
5:14 of 1st period - Shot by Jason Spezza.
5:14 of 1st period - Deflect By Marian Gaborik.
5:14 of 1st period - Stopped by Craig Anderson with a rebound.
6:48 of 1st period - Shot by Marian Gaborik.
6:48 of 1st period - Shot Misses the Net.
7:39 of 1st period - Icing by Alexander Edler.
7:40 of 1st period - Jason Spezza wins face-off versus Ryan Getzlaf in Senators zone.
7:40 of 1st period - Jason Spezza is hit by Zach Parise.
8:02 of 1st period - Shot by Mike Cammalleri.
8:02 of 1st period - Stopped by Miikka Kiprusoff with a rebound.
8:19 of 1st period - Icing by Keith Yandle.
8:20 of 1st period - Sergei Kostitsyn wins face-off versus Ryan Getzlaf in RedWings zone.
8:20 of 1st period - Mike Mottau is hit by Brian Campbell and loses puck.
8:26 of 1st period - Minor Penalty to Mike Mottau for Holding.
8:27 of 1st period - Chris Kelly wins face-off versus Travis Zajac in Senators zone.
8:43 of 1st period - Off-side.
8:44 of 1st period - Chris Kelly wins face-off versus Jean-Pierre Dumont in neutral zone.
10:39 of 1st period - Shot by Chris Stewart.
10:39 of 1st period - Shot Misses the Net.
10:53 of 1st period - Minor Penalty to Kris Draper for Holding.
10:54 of 1st period - Nate Thompson wins face-off versus Peter Regin in RedWings zone.
10:54 of 1st period - Nate Thompson is hit by Chris Stewart.
11:54 of 1st period - Shot by Filip Kuba.
11:54 of 1st period - Shot Blocked by Colin White.
11:56 of 1st period - Shot by Martin Erat.
11:56 of 1st period - Shot Misses the Net.
11:58 of 1st period - Shot by Filip Kuba.
11:58 of 1st period - Goal by Filip Kuba - Senators : 1 - RedWings : 1.
11:59 of 1st period - Nate Thompson wins face-off versus Chris Kelly in neutral zone.
12:09 of 1st period - Shot by Paul Martin.
12:09 of 1st period - Shot Misses the Net.
12:57 of 1st period - Brian Campbell is hit by Martin Erat and loses puck.
13:19 of 1st period - Martin Erat is hit by Ryan Getzlaf and loses puck.
13:21 of 1st period - Minor Penalty to Dion Phaneuf for Roughing.
13:22 of 1st period - David Steckel wins face-off versus Travis Zajac in Senators zone.
14:02 of 1st period - Icing by Travis Zajac.
14:03 of 1st period - Travis Zajac wins face-off versus David Steckel in RedWings zone.
15:31 of 1st period - Shot by Marty Reasoner.
15:31 of 1st period - Shot Misses the Net.
16:07 of 1st period - Shot by Kris Draper.
16:07 of 1st period - Shot Blocked by Daniel Carcillo.
16:25 of 1st period - Colin White is hit by Peter Regin and loses puck.
16:31 of 1st period - Off-side.
16:32 of 1st period - Jason Spezza wins face-off versus Ryan Getzlaf in neutral zone.
16:35 of 1st period - Shot by Filip Kuba.
16:35 of 1st period - Stopped by Craig Anderson without a rebound.
16:36 of 1st period - Ryan Getzlaf wins face-off versus David Steckel in RedWings zone.
17:03 of 1st period - Ryan Getzlaf is hit by Nikolai Kulemin and loses puck.
18:03 of 1st period - Jason Spezza is hit by Brendan Witt and loses puck.
18:26 of 1st period - Shot by Niclas Bergfors.
18:26 of 1st period - Goal by Niclas Bergfors - Senators : 1 - RedWings : 2.
18:27 of 1st period - Ryan Getzlaf wins face-off versus Peter Regin in neutral zone.
19:18 of 1st period - Shot by Pavol Demitra.
19:18 of 1st period - Shot Misses the Net.
19:20 of 1st period - Shot by Pavol Demitra.
19:20 of 1st period - Shot Misses the Net.
19:22 of 1st period - Shot by Kris Draper.
19:22 of 1st period - Stopped by Miikka Kiprusoff without a rebound.
19:23 of 1st period - David Steckel wins face-off versus Travis Zajac in Senators zone.
19:40 of 1st period - Shot by Travis Zajac.
19:40 of 1st period - Shot Misses the Net.

Period #2

0:01 of 2nd period - Travis Zajac wins face-off versus Jason Spezza in neutral zone.
0:04 of 2nd period - Filip Kuba is hit by Jean-Pierre Dumont and loses puck.
0:16 of 2nd period - Ray Whitney is hit by Filip Kuba and loses puck.
1:06 of 2nd period - Shot by Martin Erat.
1:06 of 2nd period - Shot Misses the Net.
1:12 of 2nd period - Shot by Zach Parise.
1:12 of 2nd period - Stopped by Miikka Kiprusoff with a rebound.
1:16 of 2nd period - Shot by Zach Parise.
1:16 of 2nd period - Shot Misses the Net.
1:18 of 2nd period - Shot by Mike Cammalleri.
1:18 of 2nd period - Shot Misses the Net.
1:20 of 2nd period - Shot by Keith Yandle.
1:20 of 2nd period - Shot Misses the Net.
1:22 of 2nd period - Shot by Brian Campbell.
1:22 of 2nd period - Shot Hit the Post.
1:24 of 2nd period - Shot by Keith Yandle.
1:24 of 2nd period - Stopped by Miikka Kiprusoff without a rebound.
1:25 of 2nd period - Marty Reasoner wins face-off versus David Steckel in Senators zone.
1:34 of 2nd period - Shot by Matt Moulson.
1:34 of 2nd period - Stopped by Miikka Kiprusoff without a rebound.
1:35 of 2nd period - Kris Draper wins face-off versus Chris Kelly in Senators zone.
1:41 of 2nd period - Icing by Mike Mottau.
1:42 of 2nd period - Chris Kelly wins face-off versus Zach Parise in Senators zone.
1:42 of 2nd period - Chris Kelly is hit by Ryan Getzlaf.
1:47 of 2nd period - Patrick Dwyer is hit by Brian Campbell and loses puck.
1:50 of 2nd period - Shot by Patrick Dwyer.
1:50 of 2nd period - Stopped by Craig Anderson without a rebound.
1:51 of 2nd period - David Steckel wins face-off versus Marty Reasoner in RedWings zone.
1:55 of 2nd period - Icing by Paul Martin.
1:56 of 2nd period - Peter Regin wins face-off versus Marty Reasoner in RedWings zone.
2:07 of 2nd period - Shot by Marian Gaborik.
2:07 of 2nd period - Stopped by Craig Anderson without a rebound.
2:08 of 2nd period - Ryan Getzlaf wins face-off versus Jason Spezza in RedWings zone.
2:08 of 2nd period - Brian Campbell is hit by Chris Stewart and loses puck.
3:19 of 2nd period - Icing by Brett Clark.
3:20 of 2nd period - David Steckel wins face-off versus Travis Zajac in RedWings zone.
3:32 of 2nd period - Shot by Ray Whitney.
3:32 of 2nd period - Stopped by Miikka Kiprusoff without a rebound.
3:32 of 2nd period - Minor Penalty to Mike Mottau for Holding.
3:33 of 2nd period - Chris Kelly wins face-off versus Travis Zajac in Senators zone.
4:18 of 2nd period - Shot by Brian Campbell.
4:18 of 2nd period - Stopped by Miikka Kiprusoff without a rebound.
4:19 of 2nd period - Ryan Getzlaf wins face-off versus Patrick Dwyer in Senators zone.
6:08 of 2nd period - Marty Reasoner is hit by Milan Michalek and loses puck.
6:39 of 2nd period - Shot by Travis Zajac.
6:39 of 2nd period - Stopped by Miikka Kiprusoff without a rebound.
6:40 of 2nd period - Chris Kelly wins face-off versus Travis Zajac in Senators zone.
6:42 of 2nd period - Karlis Skrastins is hit by Ray Whitney and loses puck.
6:46 of 2nd period - Off-side.
6:47 of 2nd period - David Steckel wins face-off versus Jean-Pierre Dumont in neutral zone.
7:28 of 2nd period - Mike Mottau is hit by Brendan Witt and loses puck.
7:50 of 2nd period - Minor Penalty to Brendan Witt for High sticking.
7:51 of 2nd period - Marty Reasoner wins face-off versus Peter Regin in RedWings zone.
8:22 of 2nd period - Shot by Dion Phaneuf.
8:22 of 2nd period - Stopped by Craig Anderson without a rebound.
8:23 of 2nd period - Jason Spezza wins face-off versus Nate Thompson in RedWings zone.
8:34 of 2nd period - Shot by Marian Gaborik.
8:34 of 2nd period - Stopped by Craig Anderson without a rebound.
8:35 of 2nd period - Jason Spezza wins face-off versus Marty Reasoner in RedWings zone.
8:38 of 2nd period - Shot by Martin Erat.
8:38 of 2nd period - Stopped by Craig Anderson with a rebound.
10:02 of 2nd period - Shot by Marty Reasoner.
10:02 of 2nd period - Stopped by Miikka Kiprusoff with a rebound.
11:23 of 2nd period - Shot by Jason Spezza.
11:23 of 2nd period - Stopped by Craig Anderson with a rebound.
11:27 of 2nd period - Shot by Milan Michalek.
11:27 of 2nd period - Shot Misses the Net.
11:29 of 2nd period - Shot by Chris Stewart.
11:29 of 2nd period - Shot Misses the Net.
11:33 of 2nd period - Shot by Jason Spezza.
11:33 of 2nd period - Shot Misses the Net.
11:37 of 2nd period - Shot by Jason Spezza.
11:37 of 2nd period - Shot Misses the Net.
12:12 of 2nd period - Icing by Karlis Skrastins.
12:13 of 2nd period - Travis Zajac wins face-off versus David Steckel in Senators zone.
12:13 of 2nd period - Ray Whitney is hit by Mike Mottau and loses puck.
12:27 of 2nd period - Ray Whitney is hit by Mike Mottau and loses puck.
12:33 of 2nd period - Minor Penalty to Mike Mottau for Hooking.
12:34 of 2nd period - Chris Kelly wins face-off versus Ryan Getzlaf in Senators zone.
12:57 of 2nd period - Shot by Keith Yandle.
12:57 of 2nd period - Shot Blocked by Dion Phaneuf.
12:59 of 2nd period - Shot by Keith Yandle.
12:59 of 2nd period - Stopped by Miikka Kiprusoff without a rebound.
13:00 of 2nd period - David Steckel wins face-off versus Zach Parise in Senators zone.
13:18 of 2nd period - Minor Penalty to Ryan Getzlaf for Roughing.
13:19 of 2nd period - Peter Regin wins face-off versus Travis Zajac in RedWings zone.
13:57 of 2nd period - Icing by Dion Phaneuf.
13:58 of 2nd period - Travis Zajac wins face-off versus Peter Regin in Senators zone.
13:58 of 2nd period - Keith Yandle is hit by Dion Phaneuf and loses puck.
14:25 of 2nd period - Shot by Travis Zajac.
14:25 of 2nd period - Stopped by Miikka Kiprusoff without a rebound.
14:26 of 2nd period - Mike Cammalleri wins face-off versus Jason Spezza in Senators zone.
14:27 of 2nd period - Shot by Colin White.
14:27 of 2nd period - Stopped by Miikka Kiprusoff without a rebound.
14:28 of 2nd period - Jason Spezza wins face-off versus Mike Cammalleri in Senators zone.
14:48 of 2nd period - Shot by Marian Gaborik.
14:48 of 2nd period - Stopped by Craig Anderson without a rebound.
14:49 of 2nd period - Jason Spezza wins face-off versus Mike Cammalleri in RedWings zone.
15:22 of 2nd period - Shot by Nikolai Kulemin.
15:22 of 2nd period - Stopped by Craig Anderson without a rebound.
15:23 of 2nd period - Chris Kelly wins face-off versus Ryan Getzlaf in RedWings zone.
15:34 of 2nd period - Shot by Chris Kelly.
15:34 of 2nd period - Shot Misses the Net.
16:09 of 2nd period - Minor Penalty to Karlis Skrastins for Delaying the game.
16:10 of 2nd period - David Steckel wins face-off versus Travis Zajac in Senators zone.
16:35 of 2nd period - Shot by Jean-Pierre Dumont.
16:35 of 2nd period - Stopped by Miikka Kiprusoff without a rebound.
16:36 of 2nd period - Chris Kelly wins face-off versus Ryan Getzlaf in Senators zone.
16:36 of 2nd period - Chris Kelly is hit by Ryan Getzlaf.
17:00 of 2nd period - Shot by Brian Campbell.
17:00 of 2nd period - Stopped by Miikka Kiprusoff with a rebound.
17:04 of 2nd period - Shot by Zach Parise.
17:04 of 2nd period - Shot Misses the Net.
17:30 of 2nd period - Nikolai Kulemin is hit by Jean-Pierre Dumont and loses puck.
18:15 of 2nd period - Shot by Paul Martin.
18:15 of 2nd period - Stopped by Miikka Kiprusoff with a rebound.
18:17 of 2nd period - Shot by Paul Martin.
18:17 of 2nd period - Shot Misses the Net.
18:21 of 2nd period - Shot by Matt Moulson.
18:21 of 2nd period - Deflect By Niclas Bergfors.
18:21 of 2nd period - Shot Misses the Net.
18:23 of 2nd period - Shot by Marty Reasoner.
18:23 of 2nd period - Shot Misses the Net.
18:25 of 2nd period - Shot by Marty Reasoner.
18:25 of 2nd period - Stopped by Miikka Kiprusoff without a rebound.
18:26 of 2nd period - Nate Thompson wins face-off versus Jason Spezza in Senators zone.
18:39 of 2nd period - Off-side.
18:40 of 2nd period - Travis Zajac wins face-off versus Chris Kelly in neutral zone.
18:46 of 2nd period - Karlis Skrastins is hit by Colin White and loses puck.
19:56 of 2nd period - Shot by Dion Phaneuf.
19:56 of 2nd period - Stopped by Craig Anderson without a rebound.
19:57 of 2nd period - Marty Reasoner wins face-off versus Jason Spezza in RedWings zone.
19:57 of 2nd period - Marty Reasoner is hit by Milan Michalek.

Period #3

0:01 of 3rd period - Travis Zajac wins face-off versus Jason Spezza in neutral zone.
0:01 of 3rd period - Ray Whitney is hit by Chris Stewart and loses puck.
0:20 of 3rd period - Shot by Jason Spezza.
0:20 of 3rd period - Stopped by Craig Anderson with a rebound.
0:22 of 3rd period - Shot by Milan Michalek.
0:22 of 3rd period - Shot Blocked by Travis Zajac.
0:24 of 3rd period - Shot by Chris Stewart.
0:24 of 3rd period - Stopped by Craig Anderson with a rebound.
0:28 of 3rd period - Shot by Chris Stewart.
0:28 of 3rd period - Stopped by Craig Anderson without a rebound.
0:29 of 3rd period - Ryan Getzlaf wins face-off versus Peter Regin in RedWings zone.
0:35 of 3rd period - Off-side.
0:36 of 3rd period - David Steckel wins face-off versus Marty Reasoner in neutral zone.
1:28 of 3rd period - Off-side.
1:29 of 3rd period - Jason Spezza wins face-off versus Travis Zajac in neutral zone.
1:33 of 3rd period - Milan Michalek is hit by Colin White and loses puck.
2:00 of 3rd period - Colin White is hit by Chris Stewart and loses puck.
2:06 of 3rd period - Chris Stewart is hit by Colin White and loses puck.
2:29 of 3rd period - Shot by Brian Campbell.
2:29 of 3rd period - Shot Misses the Net.
2:35 of 3rd period - Mike Cammalleri is hit by Marian Gaborik and loses puck.
2:46 of 3rd period - Shot by Marian Gaborik.
2:46 of 3rd period - Deflect By Martin Erat.
2:46 of 3rd period - Stopped by Craig Anderson without a rebound.
2:47 of 3rd period - Chris Kelly wins face-off versus Nate Thompson in RedWings zone.
2:59 of 3rd period - Icing by Patrick Dwyer.
3:00 of 3rd period - Chris Kelly wins face-off versus Marty Reasoner in Senators zone.
3:19 of 3rd period - Shot by Daniel Carcillo.
3:19 of 3rd period - Stopped by Craig Anderson without a rebound.
3:20 of 3rd period - Jason Spezza wins face-off versus Ryan Getzlaf in RedWings zone.
3:20 of 3rd period - Jason Spezza is hit by Brian Campbell.
3:27 of 3rd period - Chris Stewart beats up Ryan Getzlaf.
3:27 of 3rd period - Penalty to Ryan Getzlaf for Fighting.
3:27 of 3rd period - Penalty to Chris Stewart for Fighting.
3:28 of 3rd period - Peter Regin wins face-off versus Ray Whitney in RedWings zone.
3:39 of 3rd period - Shot by Marian Gaborik.
3:39 of 3rd period - Shot Blocked by Brian Campbell.
3:41 of 3rd period - Shot by Marian Gaborik.
3:41 of 3rd period - Shot Blocked by Keith Yandle.
4:47 of 3rd period - Alexander Edler is hit by Brendan Witt and loses puck.
4:54 of 3rd period - Shot by Jason Spezza.
4:54 of 3rd period - Stopped by Craig Anderson without a rebound.
4:55 of 3rd period - Nate Thompson wins face-off versus Sergei Kostitsyn in RedWings zone.
4:55 of 3rd period - Paul Martin is hit by Sergei Kostitsyn and loses puck.
5:37 of 3rd period - Shot by Ray Whitney.
5:37 of 3rd period - Shot Hit the Post.
5:39 of 3rd period - Shot by Brett Clark.
5:39 of 3rd period - Stopped by Miikka Kiprusoff with a rebound.
5:45 of 3rd period - Shot by Ray Whitney.
5:45 of 3rd period - Stopped by Miikka Kiprusoff without a rebound.
5:46 of 3rd period - Peter Regin wins face-off versus Matt Moulson in Senators zone.
6:02 of 3rd period - Shot by Marian Gaborik.
6:02 of 3rd period - Shot Misses the Net.
6:04 of 3rd period - Shot by Dion Phaneuf.
6:04 of 3rd period - Deflect By Marian Gaborik.
6:04 of 3rd period - Goal by Marian Gaborik - Senators : 2 - RedWings : 2.
6:05 of 3rd period - Jason Spezza wins face-off versus Travis Zajac in neutral zone.
6:31 of 3rd period - Colin White is hit by Jason Spezza and loses puck.
6:42 of 3rd period - Filip Kuba is hit by Travis Zajac.
7:16 of 3rd period - Shot by Daniel Carcillo.
7:16 of 3rd period - Stopped by Craig Anderson without a rebound.
7:17 of 3rd period - Peter Regin wins face-off versus Matt Moulson in RedWings zone.
7:34 of 3rd period - Shot by Patrick Dwyer.
7:34 of 3rd period - Shot Misses the Net.
7:36 of 3rd period - Shot by Jay Bouwmeester.
7:36 of 3rd period - Shot Blocked by Brian Campbell.
7:38 of 3rd period - Shot by Dion Phaneuf.
7:38 of 3rd period - Stopped by Craig Anderson with a rebound.
7:40 of 3rd period - Shot by Martin Erat.
7:40 of 3rd period - Shot Misses the Net.
7:42 of 3rd period - Shot by Dion Phaneuf.
7:42 of 3rd period - Shot Blocked by Brian Campbell.
7:46 of 3rd period - Shot by Martin Erat.
7:46 of 3rd period - Stopped by Craig Anderson without a rebound.
7:47 of 3rd period - Nate Thompson wins face-off versus David Steckel in RedWings zone.
8:12 of 3rd period - Pavol Demitra is hit by Mike Mottau and loses puck.
8:52 of 3rd period - Off-side.
8:53 of 3rd period - Travis Zajac wins face-off versus Jason Spezza in neutral zone.
9:08 of 3rd period - Shot by Travis Zajac.
9:08 of 3rd period - Stopped by Miikka Kiprusoff without a rebound.
9:09 of 3rd period - Marian Gaborik wins face-off versus Marty Reasoner in Senators zone.
9:16 of 3rd period - Shot by Jay Bouwmeester.
9:16 of 3rd period - Stopped by Craig Anderson without a rebound.
9:17 of 3rd period - Ryan Getzlaf wins face-off versus Peter Regin in RedWings zone.
9:41 of 3rd period - Off-side.
9:42 of 3rd period - Jason Spezza wins face-off versus Travis Zajac in neutral zone.
9:42 of 3rd period - Jason Spezza is hit by Travis Zajac.
10:02 of 3rd period - Ray Whitney is hit by Alexander Edler and loses puck.
10:19 of 3rd period - Shot by Jason Spezza.
10:19 of 3rd period - Shot Blocked by Brett Clark.
10:45 of 3rd period - Minor Penalty to Jean-Pierre Dumont for High sticking.
10:46 of 3rd period - Nate Thompson wins face-off versus Chris Stewart in RedWings zone.
11:24 of 3rd period - Brian Campbell is hit by Peter Regin and loses puck.
11:45 of 3rd period - Shot by Alexander Edler.
11:45 of 3rd period - Stopped by Craig Anderson without a rebound.
11:46 of 3rd period - Marty Reasoner wins face-off versus Jason Spezza in RedWings zone.
13:10 of 3rd period - Shot by Niclas Bergfors.
13:10 of 3rd period - Stopped by Miikka Kiprusoff with a rebound.
13:37 of 3rd period - Icing by Colin White.
13:38 of 3rd period - Travis Zajac wins face-off versus Chris Kelly in RedWings zone.
13:44 of 3rd period - Off-side.
13:45 of 3rd period - Ryan Getzlaf wins face-off versus Peter Regin in neutral zone.
14:00 of 3rd period - Shot by Martin Erat.
14:00 of 3rd period - Shot Hit the Post.
14:02 of 3rd period - Shot by Jay Bouwmeester.
14:02 of 3rd period - Stopped by Craig Anderson with a rebound.
14:06 of 3rd period - Shot by Peter Regin.
14:06 of 3rd period - Stopped by Craig Anderson without a rebound.
14:07 of 3rd period - Chris Kelly wins face-off versus Travis Zajac in RedWings zone.
14:15 of 3rd period - Shot by Patrick Dwyer.
14:15 of 3rd period - Stopped by Craig Anderson without a rebound.
14:16 of 3rd period - Jason Spezza wins face-off versus Kris Draper in RedWings zone.
14:20 of 3rd period - Icing by Paul Martin.
14:21 of 3rd period - Nate Thompson wins face-off versus Milan Michalek in RedWings zone.
14:34 of 3rd period - Shot by Chris Stewart.
14:34 of 3rd period - Shot Misses the Net.
14:41 of 3rd period - Icing by Brendan Witt.
14:42 of 3rd period - Chris Kelly wins face-off versus Nate Thompson in RedWings zone.
14:44 of 3rd period - Double Minor Penalty to Daniel Carcillo for Slashing.
14:45 of 3rd period - Ryan Getzlaf wins face-off versus Chris Kelly in Senators zone.
16:31 of 3rd period - Shot by Zach Parise.
16:31 of 3rd period - Shot Blocked by Jay Bouwmeester.
16:33 of 3rd period - Shot by Ryan Getzlaf.
16:33 of 3rd period - Stopped by Miikka Kiprusoff without a rebound.
16:34 of 3rd period - Travis Zajac wins face-off versus Patrick Dwyer in Senators zone.
19:21 of 3rd period - Minor Penalty to Ray Whitney for Interference.
19:22 of 3rd period - Jason Spezza wins face-off versus Nate Thompson in RedWings zone.
19:31 of 3rd period - Shot by Alexander Edler.
19:31 of 3rd period - Stopped by Craig Anderson without a rebound.
19:32 of 3rd period - Jason Spezza wins face-off versus Nate Thompson in RedWings zone.
19:43 of 3rd period - Shot by Jason Spezza.
19:43 of 3rd period - Shot Misses the Net.
19:45 of 3rd period - Shot by Chris Stewart.
19:45 of 3rd period - Stopped by Craig Anderson with a rebound.
19:47 of 3rd period - Shot by Filip Kuba.
19:47 of 3rd period - Stopped by Craig Anderson without a rebound.
19:48 of 3rd period - Marty Reasoner wins face-off versus Peter Regin in RedWings zone.

Overtime #1

0:01 of 1st overtime period - Nate Thompson wins face-off versus Jason Spezza in neutral zone.
0:38 of 1st overtime period - Marian Gaborik is hit by Paul Martin and loses puck.
1:02 of 1st overtime period - Off-side.
1:03 of 1st overtime period - Nate Thompson wins face-off versus Chris Stewart in neutral zone.
3:19 of 1st overtime period - Shot by Travis Zajac.
3:19 of 1st overtime period - Shot Misses the Net.
3:23 of 1st overtime period - Shot by Jean-Pierre Dumont.
3:23 of 1st overtime period - Stopped by Miikka Kiprusoff without a rebound.
3:24 of 1st overtime period - Ryan Getzlaf wins face-off versus Jason Spezza in Senators zone.
3:29 of 1st overtime period - Shot by Ryan Getzlaf.
3:29 of 1st overtime period - Deflect By Ray Whitney.
3:29 of 1st overtime period - Shot Misses the Net.
3:43 of 1st overtime period - Icing by Marian Gaborik.
3:44 of 1st overtime period - Travis Zajac wins face-off versus Jason Spezza in Senators zone.
3:54 of 1st overtime period - Marian Gaborik is hit by Travis Zajac and loses puck.
4:22 of 1st overtime period - Shot by Peter Regin.
4:22 of 1st overtime period - Shot Misses the Net.
4:24 of 1st overtime period - Shot by Dion Phaneuf.
4:24 of 1st overtime period - Stopped by Craig Anderson without a rebound.
4:25 of 1st overtime period - Ryan Getzlaf wins face-off versus Milan Michalek in RedWings zone.
4:41 of 1st overtime period - Icing by Dion Phaneuf.
4:42 of 1st overtime period - Mike Cammalleri wins face-off versus Milan Michalek in Senators zone.

ShootOut

ShootOut - Penalty Shot by Martin Erat for Senators.
ShootOut - Stopped by Craig Anderson.
ShootOut - Penalty Shot by Zach Parise for RedWings.
ShootOut - Stopped by Miikka Kiprusoff.
ShootOut - Penalty Shot by Marian Gaborik for Senators.
ShootOut - Goal by Marian Gaborik.
ShootOut - Penalty Shot by Mike Cammalleri for RedWings.
ShootOut - Goal by Mike Cammalleri.
ShootOut - Penalty Shot by Jason Spezza for Senators.
ShootOut - Shot Misses the Net.
ShootOut - Penalty Shot by Matt Moulson for RedWings.
ShootOut - Shot Misses the Net.
ShootOut - Penalty Shot by Chris Stewart for Senators.
ShootOut - Shot Misses the Net.
ShootOut - Penalty Shot by Travis Zajac for RedWings.
ShootOut - Goal by Travis Zajac.


Output by the SimonT Hockey Simulator (STHS) for Stephane Roy -- Original Page W3C XHTML 1.0 Valid